 Dungeon Crawl Stone Soup version 0.31-a0-1074-g0b22e4e0f1 (webtiles) character file.

Game seed: 2575986437700877451

211 Jeffwins the Changeling (level 5, -4/39 HPs)
             Began as an Armataur Shapeshifter on Nov 26, 2023.
             Slain by Crazy Yiuf
             ... wielding a +4 quarterstaff of chaos
              (13 damage)
             ... on level 2 of the Dungeon.
             The game lasted 00:02:01 (1153 turns).

Jeffwins the Changeling (Armataur Shapeshifter)     Turns: 1153, Time: 00:02:02

Health: -4/39      AC:  4    Str: 18    XL:     5   Next: 57%
Magic:  5/5        EV: 10    Int: 11    God:
Gold:   78         SH:  4    Dex: 14    Spells: 4/4 levels left

rFire   . .          .
                       - Unarmed
rCold   . . .        (no shield)
rNeg    . . .        a - +0 animal skin
rPois   .            (helmet currently unavailable)
rElec   .            (cloak currently unavailable)
rCorr   .            (gloves currently unavailable)
SInv    .            (no barding)
Will    .....        (no amulet)
Stlth   +            (no ring)
HPRegen 0.26/turn    (no ring)
MPRegen 0.09/turn

%: roll
@: lethally poisoned (-4 -> -11), beast-form
A: beast (slay +3), large, deformed body, tough skin 3, armoured tail, roll 1,
long tongue, antennae 1, claws 1, stinger 1, large bone plates 1, agile 1, no
potion heal 1, MP-powered wands
a: Begin Untransformation


You were on level 2 of the Dungeon.
You were a hulking beast.
You visited 1 branch of the dungeon, and saw 2 of its levels.

You collected 78 gold pieces.


Innate Abilities, Weirdness & Mutations

You are a hulking beast.
Your limbs bulge with bestial killing power. (Slay +3)
Armour fits poorly on your strangely shaped body.
You have extremely tough skin. (AC +3)
You have a long armoured tail.
You roll when moving toward enemies. (Rampage)
Your long tongue fully drains potion bottles. (2x potion effects)
You have a pair of small antennae on your head.
You have sharp fingernails.
Your tail ends in a venomous barb.
You are partially covered in large bone plates. (SH +4)
You are agile. (Dex +4, Str/Int -1)
Potions are less effective at restoring your health.
You expend magic power (3 MP) to strengthen your wands.


   Skills:
 - Level 0.8 Fighting
 + Level 0.2 Throwing
 - Level 1.3 Dodging
 - Level 2.6 Unarmed Combat
 * Level 5.4 Shapeshifting


You had 4 spell levels left.
You didn't know any spells.
Your spell library contained the following spells:

 Spells                   Type           Power      Damage    Failure   Level
 Stone Arrow              Conj/Erth      0%         3d7       71%         3
 Animate Armour           Summ/Erth      0%         N/A       98%         4
 Lehudib's Crystal Spear  Conj/Erth      0%         10d2      100%        8

Inventory:

Missiles
 e - 3 curare-tipped darts {=f}
 n - 3 poisoned darts
Armour
 a - a +0 animal skin (worn)
Jewellery
 W - a ring of magical power
Talismans
 c - a beast talisman
 d - a flux talisman
 o - a blade talisman
Scrolls
 f - a scroll of immolation {unknown}
 g - a scroll of poison {unknown}
 j - a scroll of teleportation {unknown}
 k - a scroll of enchant weapon {unknown}
 l - a scroll of fog {unknown}
 m - a scroll of revelation {unknown}
Potions
 b - a potion of curing {@q1}
 h - a potion of mutation {!q}
 i - a potion of brilliance {unknown}

Dungeon Overview and Level Annotations

Branches:
Dungeon (2/15)

Altars:
Yredelemnul

Annotations:
D:2 Crazy Yiuf

#....####...#......
#....# #...#......
#....# #...#...÷..
##...# #...#......
##.## #####......
##.# ####'## #.##
#..# ##.# ##.# #h##
#.# ▒g▒ #.. ... ##.
▒...▒ ## ▒)..▒ #
▒▒▒▒▒ #


You could see Crazy Yiuf.


Message History

Things that are here:
a +0 dagger; a goblin skeleton
There is an open door here.
You open the door.
There is an open door here.
There is an open door here.
You see here a rat corpse.
Crazy Yiuf screams, "Two shoe light!"
Could not explore, unopened runed door.
You open the door. You completely miss Crazy Yiuf.
Crazy Yiuf glowers.
Crazy Yiuf hits you with a +4 quarterstaff of chaos!
You are poisoned.
Okay, then.
You scratch Crazy Yiuf.
Crazy Yiuf is lightly wounded.
You feel very sick.
Crazy Yiuf hits you with a +4 quarterstaff of chaos.
* * * LOW HITPOINT WARNING * * *
Unknown command.
You barely miss Crazy Yiuf.
Your tail-slap misses Crazy Yiuf.
You claw Crazy Yiuf.
Crazy Yiuf is moderately wounded.
You feel sick.
Crazy Yiuf cries, "Aardvark!"
Crazy Yiuf hits you with a +4 quarterstaff of chaos.
* * * LOW HITPOINT WARNING * * *
You are electrocuted!
You die...

Skill      XL: |  1  2 |
---------------+-------+-----
Shapeshifting  | 3 5 |  5.4
Fighting       | |  0.8
Throwing       | |  0.2
Dodging        | |  1.3
Unarmed Combat | |  2.6

Action                     |  1- 3 |  4- 6 || total
---------------------------+-------+-------++-------
  Melee: Unarmed           |    60 |    44 ||   104
         Tailslap          |     2 |     3 ||     5
         Punch             |       |     1 ||     1
    Use: Potion            |     5 |       ||     5
   Stab: Sleeping          |       |     1 ||     1
 Armour: Animal skin       |    35 |    24 ||    59
         Skin              |    11 |     3 ||    14
  Dodge: Dodged            |    31 |    14 ||    45
  Block: Other             |       |     9 ||     9

Levels and vault maps discovered:
D:1:      minmay_arrival_doors, layout_rooms, interstate_on_off,
          minmay_misc_feat_diagonals
D:2:      layout_basic, basic_altar, uniq_sigmund, uniq_crazy_yiuf_cottage

Notes
Turn   | Place    | Note
-------+----------+-------------------------------------------
     0 | D:1      | Jeffwins the Armataur Shapeshifter began the quest for the
                  | Orb.
     0 | D:1      | Reached XP level 1. HP: 15/15 MP: 1/1
    79 | D:1      | Reached skill level 3 in Shapeshifting
   115 | D:1      | Reached XP level 2. HP: 17/22 MP: 2/2
   516 | D:2      | Noticed Sigmund
   520 | D:2      | Gained mutation: You are partially covered in large bone
                  | plates. (SH +4) [potion of mutation]
   520 | D:2      | Gained mutation: You are agile. (Dex +4, Str/Int -1)
                  | [potion of mutation]
   520 | D:2      | Gained mutation: You have a pair of small antennae on your
                  | head. [potion of mutation]
   520 | D:2      | Gained mutation: You expend magic power (3 MP) to
                  | strengthen your wands. [potion of mutation]
   520 | D:2      | Gained mutation: Potions are less effective at restoring
                  | your health. [potion of mutation]
   520 | D:2      | Gained mutation: Your tail ends in a venomous barb. [potion
                  | of mutation]
   520 | D:2      | Gained mutation: You have sharp fingernails. [potion of
                  | mutation]
   525 | D:2      | Killed Sigmund
   526 | D:2      | Reached skill level 5 in Shapeshifting
   526 | D:2      | Reached XP level 3. HP: 27/27 MP: 3/3
   526 | D:2      | Reached XP level 4. HP: 34/34 MP: 4/4
   526 | D:2      | Reached XP level 5. HP: 39/39 MP: 5/5
   727 | D:2      | Found a basalt altar of Yredelemnul.
  1009 | D:2      | Found a runed translucent door.
  1010 | D:2      | Noticed Crazy Yiuf
  1153 | D:2      | Slain by Crazy Yiuf

Vanquished Creatures
  Sigmund (D:2)
  A worm (D:2)
  2 ball pythons (D:2)
  4 endoplasms
  A giant cockroach (D:2)
  7 goblins
  3 hobgoblins
  6 jackals
  3 kobolds
  2 quokkas
  5 bats
  6 frilled lizards
  8 rats
49 creatures vanquished.

Table legend: (Time is in decaauts)
 A = Elapsed time spent in this place.
 B = Non-inter-level travel time spent in this place.
 C = Inter-level travel time spent in this place.
 D = Time resting spent in this place.
 E = Time spent auto-exploring this place.
 F = Levels seen in this place.
 G = Mean time per level.
                   A        B        C        D        E       F      G
               +--------+--------+--------+--------+--------+-----+--------+
         Total |   1148 |   1129 |     19 |     45 |    847 |   2 |  574.0 |
       Dungeon |   1148 |   1129 |     19 |     45 |    847 |   2 |  574.0 |
               +--------+--------+--------+--------+--------+-----+--------+

Top non-repeatable levels by time:
     D:2: 642 daAuts
     D:1: 505 daAuts

Table legend:
 A = Non-vault XP
 B = Vault XP
 C = Vault XP percentage of total XP
 D = Non-vault monster count
 E = Vault monster count
 F = Vault count percentage of total count
                 A         B        C        D         E       F
            +---------+---------+-------+---------+---------+-------
      Total |      79 |     223 |  73.8 |      48 |       1 |   2.0
            +---------+---------+-------+---------+---------+-------
        D:1 |      37 |       0 |   0.0 |      24 |       0 |   0.0
        D:2 |      42 |     223 |  84.2 |      24 |       1 |   4.0
            +---------+---------+-------+---------+---------+-------
